[Event "FIDE WY-U16 Olympuad 2022"]
[Site "Nakhchivan"]
[Date "2022.10.03"]
[Round "2.1"]
[White "Tarhan, Adar"]
[Black "Daneshvar, Bardiya"]
[Result "1-0"]
[ECO "B06"]
[WhiteElo "2320"]
[BlackElo "2516"]
[Annotator "TA"]
[PlyCount "107"]
[EventDate "2022.10.02"]
[EventType "team-tourn"]
[EventCountry "AZE"]
[SourceTitle "playchess.com"]
[Source "ChessBase"]
[SourceQuality "1"]
[WhiteTeam "Turkey"]
[BlackTeam "Iran"]
[WhiteTeamCountry "TUR"]
[BlackTeamCountry "IRI"]
[TimeControl "40/5400+30:1800+30"]

1. e4 g6 2. d4 Bg7 3. Nf3 d6 4. c3 Nc6 5. Be3 Nf6 6. Nbd2 {[%emt 0:04:36] B06: Modern Defence.} Ng4 7. Bg5 h6 8. Bh4 {[%emt 0:00:04] [#] White is slightly better.} Nf6 $146 ({Predecessor:} 8... g5 9. Bg3 f5 10. exf5 Bxf5 11. Qb3 Qd7 12. O-O-O O-O-O 13. Bb5 a6 14. h3 Nf6 {0-1 (34) Gawiec,K (1878)-Jaskolka,T (1954) Murzasichle 2011}) 9. Bd3 Nh5 10. O-O g5 {[%emt 0:02:15] aiming for ...Nf4.} 11. Bg3 Nxg3 12. fxg3 e6 13. Qe2 Qe7 14. a4 h5 15. b4 (15. Rae1 $14) 15... g4 $11 16. Nh4 Nxd4 17. cxd4 Bxd4+ 18. Kh1 {[%emt 0:00:04] Rac1 is the strong threat.} Bxa1 19. Rxa1 Bd7 20. Qf2 Qg5 21. Rc1 Rc8 22. Rf1 O-O 23. e5 Qxe5 (23... d5 $11) 24. Ne4 $1 $36 {[%emt 0:01:21][%mdl 2048] White is on the roll. Chess con chili.} f5 25. Ng6 Qg7 26. Nxf8 {[%emt 0:00:13] White is much more active.} Rxf8 27. Nd2 Bxa4 28. Qxa7 Bc6 29. Qe3 Qf6 30. Nb3 Bd5 31. Nd4 Ra8 32. Ne2 {[%emt 0:01:57] Hoping for Nf4.} Ra1 $1 33. Nf4 Rxf1+ 34. Bxf1 Qa1 35. Qe2 Kf7 {[%emt 0:04:12] White stays focused until the end.} (35... Qa2 $14) 36. Nxd5 $16 exd5 37. h4 $1 c6 (37... c5 $16 {might work better.}) 38. Kh2 $18 Qd4 {[%emt 0:01:38] [#]} 39. Qc2 $1 Ke6 {[%emt 0:04:34] [#]} 40. Qc1 c5 (40... Qg7 {was called for.} 41. Bd3 Qh7 42. Qe3+ Kf6) 41. Qh6+ Ke7 $2 (41... Qf6 {is a better chance.} 42. Qxh5 c4) 42. Bb5 {[%emt 0:00:35] Black must now prevent Qh7+.} c4 43. Qh7+ Kf8 44. Qxf5+ Ke7 45. Qd7+ Kf6 46. Qxd6+ Kf5 47. Qe7 {[%emt 0:00:00] Bd7+ would kill now.} Qe5 48. Qh7+ Ke6 49. Qg6+ Qf6 50. Qxh5 c3 51. Qxg4+ {[%emt 0:00:00] White mates.} Kd6 52. Qd7+ Ke5 53. Qc7+ Ke4 54. Qh7+ {[%emt 0:00:00] Weighted Error Value: White=0.09 (flawless) /Black=0.37} (54. Qxb7 $142 Qf8 55. Qc7 Qf6 56. Qh7+ Ke5 57. Bd3 Kd4 58. Bc2 Kc4 59. h5) 1-0

[Event "FIDE WY-U16 Olympuad 2022"]
[Site "Nakhchivan"]
[Date "2022.10.03"]
[Round "2.1"]
[White "Springis, Jevgenijs"]
[Black "Caputcuoglu, Zeki Berke"]
[Result "0-1"]
[ECO "E73"]
[WhiteElo "2057"]
[BlackElo "2370"]
[Annotator "TA"]
[PlyCount "84"]
[EventDate "2022.10.02"]
[EventType "team-tourn"]
[EventCountry "AZE"]
[SourceTitle "playchess.com"]
[Source "ChessBase"]
[SourceQuality "1"]
[WhiteTeam "Latvia"]
[BlackTeam "Turkey"]
[WhiteTeamCountry "LAT"]
[BlackTeamCountry "TUR"]
[TimeControl "40/5400+30:1800+30"]

1. d4 Nf6 2. c4 g6 3. Nc3 Bg7 4. e4 d6 5. Be2 O-O 6. Be3 Nc6 7. d5 Ne5 {[%emt 0:00:10] E73: King's Indian: Averbakh Variation without 6...c5.} 8. h3 e6 9. g4 (9. Nf3 $11) 9... exd5 {[%emt 0:09:31] Black is slightly better.} 10. cxd5 c5 11. f4 Ned7 12. g5 {[%emt 0:00:31] [#]} (12. Nf3 $15) 12... Ne8 $2 {[%emt 0:00:09] [#]} (12... Nxe4 $1 $19 13. Nxe4 Re8) 13. Bd3 $146 ({Predecessor:} 13. h4 Qa5 14. Qd2 Qb4 15. Bf3 Nb6 16. a3 Qb3 17. Bd1 Qc4 18. Qc2 Bxc3+ 19. bxc3 {½-½ (76) Kincs,I (2240)-Szittar,A (2150) Hungary 1998}) 13... Nc7 14. Nge2 b5 15. Bxb5 (15. Nxb5 $2 Nxb5 16. O-O Nc7 $19) (15. Qd2 $15) 15... Nxb5 $17 16. Nxb5 Qa5+ 17. Nbc3 Nb6 18. Bd2 Nc4 19. Qa4 {[%emt 0:03:26] Black keeps a firm grip on the game.} ({White should try} 19. Qc2 $15) 19... Qxa4 {[%emt 0:00:50] Black is more active.} 20. Nxa4 Bd7 ({Not} 20... Nxb2 21. Nxb2 Bxb2 22. Rb1 $17) 21. Bc3 Bxa4 $19 22. Bxg7 Kxg7 23. b3 Na3 {[%emt 0:00:06] And now ...Bd7 would win.} 24. bxa4 Nc2+ 25. Kd2 Nxa1 26. Rxa1 {[%emt 0:00:03][%mdl 4096] Endgame KRR-KRN} Rab8 27. Nc3 a6 {[%emt 0:07:34] Prevents Nb5.} 28. e5 Rb4 29. Rf1 Re8 30. exd6 Rd8 31. f5 gxf5 ({Worse is} 31... Rxd6 32. f6+ Kf8 33. a3 $17) 32. Rxf5 Rxd6 33. Ke3 Rd8 34. Re5 Rd4 35. h4 Kf8 ({But not} 35... Rxh4 $2 36. Ne4 $19) 36. h5 Re8 37. Rxe8+ Kxe8 {[%emt 0:00:01] KR-KN} 38. h6 $2 (38. Ne4) 38... Ke7 {[%emt 0:02:23] Black is clearly winning.} 39. a5 Kd8 40. a3 Ke7 41. a4 Kd8 42. Ke2 c4 {[%emt 0:00:42] Weighted Error Value: White=0.54/Black=0.18 (very precise)} 0-1

[Event "FIDE WY-U16 Olympuad 2022"]
[Site "Nakhchivan"]
[Date "2022.10.03"]
[Round "2.2"]
[White "Ashraf, Artin"]
[Black "Akin, Yagiz Cinar"]
[Result "1/2-1/2"]
[ECO "A49"]
[WhiteElo "2379"]
[BlackElo "2249"]
[Annotator "TA"]
[PlyCount "85"]
[EventDate "2022.10.02"]
[EventType "team-tourn"]
[EventCountry "AZE"]
[SourceTitle "playchess.com"]
[Source "ChessBase"]
[SourceQuality "1"]
[WhiteTeam "Iran"]
[BlackTeam "Turkey"]
[WhiteTeamCountry "IRI"]
[BlackTeamCountry "TUR"]
[TimeControl "40/5400+30:1800+30"]

1. d4 Nf6 2. Nf3 g6 3. g3 Bg7 4. Bg2 d5 5. O-O O-O 6. c4 dxc4 7. Na3 c3 8. bxc3 c5 9. Nc4 Nc6 10. Nfe5 Be6 {[%emt 0:18:59] is now debated instead of 10...Nd5. D77: Fianchetto Grünfeld: 6 0-0: Replies other than 6...c6.} 11. Nxc6 bxc6 12. Qd3 Nd5 13. Ba3 cxd4 14. cxd4 Rb8 {[%emt 0:05:14] [#]} 15. Qd2 $146 {[%emt 0:33:44] Against Nb4} ({Predecessor:} 15. Ne5 Qc7 16. Rac1 Bxe5 17. dxe5 Qxe5 18. Bc5 Nb4 19. Qa3 Nxa2 20. Rc2 Rb3 21. Qxa7 {1-0 (35) Wojtaszek,R (2719)-Salem,A (2682) ICC INT 2020}) 15... Nb6 16. Na5 Bxd4 (16... Qxd4 17. Qxd4 Bxd4 18. Nxc6 Bxa1 19. Rxa1 $14) 17. Rad1 Bf6 {[%emt 0:00:59] [#] Strongly threatening ...Qxd2.} ({But not} 17... c5 18. Nc6 Qe8 19. Nxb8 (19. Nxd4 Nc4 $14) 19... Qxb8 20. Qg5 $16) 18. Qc2 ({Not} 18. Bxc6 Qxd2 19. Rxd2 Bc3 $17) 18... Qc7 19. Nxc6 Rbc8 20. Bb2 {[%emt 0:00:37][%cal Ba3b2,Bb2f6,Bf6a1][%mdl 32] The position is equal.} Bd7 21. Bxf6 Bxc6 22. Ba1 {[%emt 0:01:05] Threatens to win with Rc1.} Bxg2 23. Qb2 {[%emt 0:00:02][%csl Ga1][%cal Rb2g7] [#]} f6 $1 24. Kxg2 Qc2 25. Rc1 Qe4+ 26. f3 Qe6 {[%emt 0:02:41] aiming for ...Nc4.} 27. e4 Rfd8 28. Rxc8 Rxc8 29. Rd1 (29. Qb3 {feels hotter.} Kf7 30. Bd4 Rc6 31. g4) 29... Qc4 30. Qf2 e5 31. g4 g5 32. h4 h6 33. hxg5 hxg5 34. Kg3 Qc2 35. Rd8+ Kg7 {[%emt 0:00:03] And now ...Qxf2+ would win.} 36. Rxc8 {[%emt 0:00:15] Dancing on a razor blade.} Qxc8 $11 {[%emt 0:00:18][%mdl 4096] Endgame KQB-KQN} 37. Qd2 Qc5 {[%emt 0:00:43] White must now prevent ...Qg1+.} 38. Kg2 {[%emt 0:00:22] Inhibits Qg1+.} Nc4 39. Qd7+ Kg6 40. Qe8+ Kg7 41. Qd7+ Kg6 42. Qe8+ Kg7 43. Qd7+ {[%emt 0:00:00] Weighted Error Value: White=0.03 (flawless) /Black=0.03 (flawless)} 1/2-1/2

[Event "FIDE WY-U16 Olympuad 2022"]
[Site "Nakhchivan"]
[Date "2022.10.03"]
[Round "2.2"]
[White "Taspinar, Yanki"]
[Black "Adamovics, Aleksejs"]
[Result "1-0"]
[ECO "D26"]
[WhiteElo "2325"]
[BlackElo "2037"]
[Annotator "TA"]
[PlyCount "99"]
[EventDate "2022.10.02"]
[EventType "team-tourn"]
[EventCountry "AZE"]
[SourceTitle "playchess.com"]
[Source "ChessBase"]
[SourceQuality "1"]
[WhiteTeam "Turkey"]
[BlackTeam "Latvia"]
[WhiteTeamCountry "TUR"]
[BlackTeamCountry "LAT"]
[TimeControl "40/5400+30:1800+30"]

1. d4 d5 2. c4 dxc4 3. Nf3 Nf6 4. e3 e6 5. Bxc4 a6 6. O-O c5 7. Bb3 Nc6 {[%emt 0:02:24] 7...Nc6 has become a bit dusty these days.} 8. Qe2 b5 9. a4 {[%emt 0:00:43] D29: Queen's Gambit Accepted: Classical main line: 7 Qe2 with early ...Nbd7.} b4 10. Rd1 Qc7 11. Nbd2 {[%emt 0:16:25] [#] The position is equal.} Be7 $146 ({Predecessor:} 11... Bb7 12. dxc5 Bxc5 13. Bc4 O-O 14. b3 Ne5 15. Bb2 Nxc4 16. Qxc4 Nd5 17. Rac1 Rac8 {0-1 (26) Ster,P-Riepe,B DESC email 2000}) 12. Nc4 O-O 13. e4 Nxd4 14. Nxd4 cxd4 15. e5 Nd5 16. Rxd4 a5 17. Rg4 f5 18. exf6 Bxf6 19. Bd2 Kh8 $1 20. Rc1 Qd8 (20... Bb7 $11) 21. Qe4 Bb7 22. Bc2 ({And not} 22. Qxe6 Bc8 23. Qe4 Bxg4 24. Qxg4 Nb6 $17) 22... g6 23. Bh6 ({Don't go for} 23. Qxe6 $2 Bc8 24. Qe2 Bxg4 25. Qxg4 Nb6 $19) 23... Rg8 (23... Qc7 $14) 24. Bb3 $40 {[%emt 0:01:21][%mdl 128] White wants a kill. White is more active.} ({Much worse is} 24. Qxe6 $6 Bc8 25. Qe2 Bxg4 26. Qxg4 Re8 $11) 24... Qe7 25. Re1 Rge8 26. Ne5 {[%emt 0:00:27][%cal Og4g6] Hoping for Rxg6!} Rac8 $2 {[%emt 0:02:54] [#] This costs Black the game.} (26... Qc7 $16) 27. Rxg6 $1 $18 Rg8 28. Rg3 Rxg3 29. hxg3 Nb6 30. Qe3 Nd5 31. Qe2 {[%emt 0:00:23] White is clearly winning.} Bg7 32. Qh5 Nf6 33. Qh4 (33. Nf7+ $142 Kg8 34. Qg5) 33... Bd5 {[%emt 0:00:42] [#]} (33... Bxh6 $142 34. Qxh6 Qg7) 34. Bg5 $1 {[%emt 0:00:04] Intending Ng6+ and mate.} Kg8 35. Ng4 Bxb3 36. Nxf6+ Bxf6 37. Bxf6 Qf7 38. Re5 Kf8 {[%emt 0:00:50] [#]} 39. Rg5 $1 Qxf6 {[%emt 0:01:33] [#]} 40. Rg8+ $3 {[%emt 0:00:04][%mdl 576] Skewer, Discovered Attack} Kxg8 41. Qxf6 {[%emt 0:30:05][%mdl 4096] Endgame KQ-KRB} Bd5 42. g4 Rf8 43. Qe5 Rc8 44. g5 Rc1+ 45. Kh2 Rc2 46. Kg3 b3 47. Qf6 {[%emt 0:00:00] Strongly threatening Qd8+.} Rc4 48. Qd8+ Kf7 49. Qxa5 Rc2 50. Qd8 {[%emt 0:00:00] Weighted Error Value: White=0.52/Black=0.35} 1-0

[Event "FIDE WY-U16 Olympuad 2022"]
[Site "Nakhchivan"]
[Date "2022.10.03"]
[Round "2.3"]
[White "Yavuz, Efe Metehan"]
[Black "Movahed, Sina"]
[Result "0-1"]
[ECO "A45"]
[WhiteElo "2215"]
[BlackElo "2345"]
[Annotator "TA"]
[PlyCount "80"]
[EventDate "2022.10.02"]
[EventType "team-tourn"]
[EventCountry "AZE"]
[SourceTitle "playchess.com"]
[Source "ChessBase"]
[SourceQuality "1"]
[WhiteTeam "Turkey"]
[BlackTeam "Iran"]
[WhiteTeamCountry "TUR"]
[BlackTeamCountry "IRI"]
[TimeControl "40/5400+30:1800+30"]

1. d4 Nf6 2. g3 g6 3. Bg2 Bg7 4. e4 d6 5. Nc3 O-O 6. Nge2 Nbd7 7. O-O c5 8. d5 Rb8 9. a4 b6 10. Rb1 a6 {[%emt 0:03:55] [#]} 11. Bd2 $146 {[%emt 0:04:14] B07: Pirc Defence: Miscellaneous Systems.} ({Predecessor:} 11. h3 b5 12. axb5 axb5 13. b4 cxb4 14. Na2 Nc5 15. Nxb4 Bb7 16. Nc3 e6 17. Re1 Re8 18. Bd2 Qd7 {½-½ (78) Bao,Q (2213)-Ootes,L (2361) Sydney 2014}) 11... Qc7 12. Na2 Ne5 13. Bc3 {[%emt 0:10:20] The position is equal.} e6 14. Bxe5 dxe5 15. c4 exd5 16. cxd5 Ne8 17. b4 c4 18. f4 ({Better is} 18. b5 $15) 18... Nd6 $17 19. Nac3 f5 20. Rc1 a5 21. bxa5 bxa5 22. Kh1 Qc5 23. Qd2 (23. exf5 $17 Bxf5 24. fxe5 Bxe5 25. Nf4) 23... Rb3 $19 24. fxe5 Bxe5 25. exf5 (25. Bh3 {is a better defense.}) 25... Nxf5 (25... Bxf5 $19 {and Black stays clearly on top. White must now prevent ...Re8.} 26. Qe1 Re8) 26. Ne4 Qe3 {[%emt 0:01:13] Black is more active.} 27. d6 {[#]} (27. Nf4 $17 Rb4 28. Rfe1 Qxd2 29. Nxd2 Bxf4 30. gxf4) 27... Bb7 $1 28. Qc2 Qd3 {[%emt 0:04:08] Dancing on a razor blade.} ({Stronger than} 28... Nxd6 29. Nxd6 Bxd6 30. Qxc4+ Kh8 31. Rxf8+ Bxf8 32. Bxb7 Rxb7 33. Nf4 $11) 29. Qxc4+ (29. d7 Ne3 30. Rxf8+ Kxf8 31. Qxd3 Rxd3 32. Kg1) 29... Qxc4 30. Rxc4 Ne3 31. Rxf8+ Kxf8 32. Rc5 (32. Rc7 $142 Rb1+ 33. Ng1 Nxg2 34. Rxb7 Rxb7 35. Nc5) 32... Rb1+ 33. Nc1 Bb2 {[%emt 0:00:28] This bishop pair is nice.} 34. d7 Ke7 35. Bf3 Rxc1+ 36. Rxc1 Bxc1 37. Kg1 Bxe4 38. Bxe4 Kxd7 39. h4 Nf5 40. Kf2 Ke6 {[%emt 0:00:07] Weighted Error Value: White=0.56/Black=0.24 (precise)} 0-1

[Event "FIDE WY-U16 Olympuad 2022"]
[Site "Nakhchivan"]
[Date "2022.10.03"]
[Round "2.3"]
[White "Francs, Marats"]
[Black "Camlar, Arda"]
[Result "0-1"]
[ECO "A50"]
[WhiteElo "1956"]
[BlackElo "2322"]
[Annotator "TA"]
[PlyCount "88"]
[EventDate "2022.10.02"]
[EventType "team-tourn"]
[EventCountry "AZE"]
[SourceTitle "playchess.com"]
[Source "ChessBase"]
[SourceQuality "1"]
[WhiteTeam "Latvia"]
[BlackTeam "Turkey"]
[WhiteTeamCountry "LAT"]
[BlackTeamCountry "TUR"]
[TimeControl "40/5400+30:1800+30"]

1. d4 Nf6 2. c4 b6 3. Nc3 Bb7 4. Qc2 e6 5. a3 d5 6. cxd5 Nxd5 7. e4 Nxc3 8. bxc3 Be7 9. Nf3 O-O 10. Be2 c5 11. O-O {[%emt 0:00:22][%cal Od4d5] E12: Queen's Indian: Unusual White 4th moves, 4 a3, 4 Nc3 Bb7 5 a3 and 4 Nc3 Bb7 .} cxd4 12. cxd4 Nc6 13. Be3 {[%emt 0:01:02] The position is equal.} Rc8 {[%emt 0:00:33][%cal Oc6d4] [#] Threatens to win with ...Nxd4!} 14. Qd3 Na5 15. Nd2 {[%emt 0:06:16] [#]} Qc7 $146 ({Predecessor:} 15... Qd7 16. f4 Qa4 17. Bd1 Qc6 18. Bf3 Qc3 19. Qe2 Ba6 20. Qxa6 Qxe3+ 21. Rf2 Qxd4 22. Raf1 Rc2 {0-1 (22) Alvarez,E (2233)-Xiong,J (2220) ICC INT 2012}) 16. Rfd1 Rfd8 17. Qb5 Bf6 18. e5 Be7 19. Bf3 Bxf3 (19... a6 $5 20. Qe2 b5 $15) 20. Nxf3 Qc4 21. a4 h6 22. Nd2 Qc6 23. h3 Qb7 24. Rac1 Nc6 25. Nf3 Nb4 {[%emt 0:01:47] Against d5} 26. Rxc8 Rxc8 27. Rc1 Nd5 28. Qb3 (28. Rxc8+ $17 {might work better.} Qxc8 29. Bd2) 28... a6 ({Black should play} 28... a5 $19 29. Kh2 Bb4) 29. Ne1 $17 Rxc1 30. Bxc1 Qc6 31. Bd2 ({White should try} 31. Bb2) 31... b5 32. axb5 axb5 ({Not} 32... Qxb5 33. Qxb5 axb5 34. Kf1 $11) 33. Nd3 b4 34. Kf1 ({Don't blunder} 34. Nxb4 $2 Nxb4 35. Bxb4 Qb7 $19) ({Don't go for} 34. Bxb4 $2 Qb5 35. Kh2 Nxb4 $19) 34... Qb6 35. Qb2 (35. Qc4 $17 {is a better defense.}) 35... Qb5 $19 36. Qb3 Nc3 37. Qc2 Ne4 {[%emt 0:02:38] [#] White must now prevent ...b3.} 38. Ke1 $2 (38. Be1 {was the only chance.} b3 39. Qb1) 38... b3 {[%emt 0:01:06] Black is clearly winning.} 39. Qb1 Qc4 40. Ke2 Qa4 {[%emt 0:03:11] Strongly threatening ...Qa2.} 41. Qb2 (41. Qe1 $142 Qa2 42. f4) 41... Qa2 {[%emt 0:01:16] And now ...Ba3 would win.} 42. f3 Ba3 43. Qxa2 bxa2 44. fxe4 a1=Q {[%emt 0:00:10] Weighted Error Value: White=0.51/Black=0.07 (flawless)} 0-1

[Event "FIDE WY-U16 Olympuad 2022"]
[Site "Nakhchivan"]
[Date "2022.10.03"]
[Round "2.5"]
[White "Madaminov, Mukhiddin"]
[Black "Azadaliyev, Jahandar"]
[Result "1-0"]
[ECO "A45"]
[WhiteElo "2425"]
[BlackElo "2304"]
[Annotator "TA"]
[PlyCount "179"]
[EventDate "2022.10.02"]
[EventType "team-tourn"]
[EventCountry "AZE"]
[SourceTitle "playchess.com"]
[Source "ChessBase"]
[SourceQuality "1"]
[WhiteTeam "Uzbekistan"]
[BlackTeam "Azerbaijan"]
[WhiteTeamCountry "UZB"]
[BlackTeamCountry "AZE"]
[TimeControl "40/5400+30:1800+30"]

1. d4 Nf6 2. Nc3 d5 3. Bf4 e6 4. Nb5 Na6 5. e3 c5 6. c3 Be7 7. a4 O-O 8. Nf3 (8. b3 $14) 8... Bd7 9. Ne5 c4 10. b3 cxb3 11. Qxb3 Bc6 12. Bd3 Nd7 (12... Nh5 $11) 13. O-O Nxe5 14. Bxe5 Qa5 ({Better is} 14... g6 $14) 15. Rfb1 Rfc8 16. Qd1 Qd8 17. Qh5 h6 18. Qg4 Bf6 19. Bg3 Qd7 (19... Bxb5 $14 20. axb5 Nc7) 20. h4 $16 Qe7 21. h5 Rd8 22. Bc2 Bg5 23. Qe2 f5 24. Bd3 Bh4 25. Bf4 Bg5 26. Rb3 (26. Be5 $16) 26... Rd7 (26... Nb8 $1 $14) 27. a5 (27. Bh2 $18 {is more deadly.}) 27... Qd8 (27... Bxf4 $142 28. exf4 Nc7) 28. Be5 $16 Bf6 29. Bh2 Qe7 (29... Nb8 $16 30. c4 Na6) 30. Rab1 Qd8 31. Qa2 Be7 32. c4 dxc4 33. Bxc4 Bd5 34. R3b2 Rc8 35. Bxd5 exd5 36. Nxa7 Rc4 37. Ra1 (37. Rc2 $18 Nb4 38. Rxc4 Nxa2 39. Rc8) 37... Bb4 (37... Nb4 $14 38. Qb1 Qf8) 38. Nb5 $16 Bxa5 39. Nd6 Rxd6 40. Bxd6 (40. Rxb7 $2 Rdc6 41. Rd1 Bc7 $19) 40... Bc3 41. Bg3 (41. Rxb7 Bxa1 42. Bg3 (42. Qxa6 $2 Rc1+ 43. Qf1 Rxf1+ $19) 42... f4 43. exf4 Rc1+ 44. Kh2 Qe8 45. Qxd5+ Kh8 $11) 41... Bxb2 42. Qxb2 Qd7 43. Be5 Ra4 44. Rxa4 Qxa4 45. Qb1 (45. Qxb7 Qd1+ 46. Kh2 Qxh5+ 47. Kg3 (47. Kg1 Qd1+ 48. Kh2 Qh5+ 49. Kg3 Qg6+ 50. Kh2 Qh5+ $11) 47... Qg6+ 48. Kh2 Qh5+ 49. Kg3 (49. Kg1 Qd1+ 50. Kh2 Qh5+ $11) 49... Qg4+ 50. Kh2 Qh5+ $11) 45... Qd7 46. Qb6 Kf7 47. Qg6+ Kg8 48. Qb6 Kf7 $1 49. f3 Kg8 50. Kf2 Qe7 51. Qb5 Nb4 52. Ke2 Kh7 53. Bg3 Kh8 54. Bf4 Kh7 55. Kd2 (55. g4 $18) 55... Kh8 (55... Nc6 $1 $14) 56. Kc3 ({White should try} 56. Be5 $16) 56... Nc6 $11 57. Qxd5 Qa3+ 58. Qb3 Qc1+ 59. Qc2 Qe1+ (59... Qa1+ $1 $11 60. Qb2 Qd1) 60. Qd2 ({Only move:} 60. Kc4 $1 $16) 60... Qa1+ $1 $11 61. Qb2 Qe1+ $2 (61... Qa5+ $14 62. Kc2 Qa6) 62. Kc4 $18 Qf1+ (62... Ne7 {was worth a try.} 63. Kc5 (63. Qxb7 Qc1+ 64. Kb5 Qb2+ 65. Ka6 Qa3+ 66. Kb6 Qb3+ 67. Kc7 Qe6 $18) 63... Qa5+ 64. Kd6 (64. Qb5 b6+ 65. Kc4 Qa2+ 66. Kd3 Qxg2 $14) 64... Qd8+ 65. Ke6 Nd5 66. Qxb7 Nxf4+ 67. exf4 Qxd4 68. Qb8+ Kh7) 63. Kc5 $18 Qa6 64. Qb6 $1 Qa3+ 65. Kd5 Qa2+ {[%emt 0:00:12] [#]} 66. Kd6 $1 (66. Kc5 $6 Qa8 67. Qc7 Kg8 $18) 66... Qa3+ 67. Kc7 Qe7+ 68. Kc8 Kh7 69. Qc7 Qe8+ 70. Kxb7 Nb4 $2 (70... Ne7 {was necessary.} 71. Qc4 Qd7+ 72. Kb6 Nd5+ 73. Kc5 Nxf4) 71. Qd6 Qb5+ 72. Kc8 ({Much less strong is} 72. Qb6 $6 Qd7+ 73. Bc7 Qd5+ 74. Kc8 Qg8+ 75. Bd8 (75. Kb7 Qd5+ 76. Kc8 Nc6 $18) 75... Nc2 76. Qg6+ Kh8 $18) 72... Qe8+ $2 (72... Qc4+ 73. Qc7 Qg8+ 74. Kb7 Qd5+ 75. Kb6 Qe6+ 76. Kb5 Nd3) 73. Kc7 $18 Qf7+ 74. Kb6 Qb3 $2 (74... Qc4 75. Qd7 Qa6+ 76. Kc7 Qa5+ 77. Kb8 Qb6+ 78. Kc8 Qa6+ 79. Kc7 Qa5+ 80. Kb7 Qa6+ 81. Kb8 Qb6+ 82. Kc8 Qa6+ 83. Kd8 Qa5+ 84. Ke7 Nd5+ 85. Ke6 Nf6) 75. Qg6+ $18 Kh8 76. Qe8+ Kh7 77. Qg6+ Kh8 78. Qxf5 Nd5+ 79. Kc5 Ne7 $2 (79... Nf6 80. g4 Qc3+ 81. Kb6 Qb4+ 82. Qb5 Nd5+ 83. Ka6 Qa3+ 84. Kb7 Qe7+ 85. Ka8 Qa3+ 86. Kb8 Qf8+ 87. Ka7 Qa3+ 88. Kb7 Qe7+ 89. Ka8 Qa3+ 90. Kb8 Qf8+ 91. Ka7 Qa3+ 92. Qa6 Qe7+ 93. Qb7 Qa3+ 94. Kb8 Nxf4 95. Qc8+ Kh7 96. Qf5+ (96. exf4 Qb3+ 97. Qb7 Qg8+ 98. Kc7 Qf7+ 99. Kc6 Qc4+ 100. Kb6 Qxd4+ 101. Kb5 Qb2+ 102. Kc6 Qf6+ 103. Kc5 Qc3+ 104. Kd6 Qf6+ 105. Kd5 Qxf4 $16) 96... Kg8 97. Qc8+ Kh7 98. Qf5+ (98. exf4 Qb4+ 99. Qb7 Qf8+ 100. Ka7 Qa3+ 101. Kb8 Qf8+ 102. Ka7 Qa3+ 103. Kb6 Qb3+ 104. Ka7 Qa4+ 105. Kb8 Qe8+ 106. Kc7 Qf7+ 107. Kc8 Qe8+ 108. Kc7 Qf7+ 109. Kc8 Qe8+ 110. Kc7 $16) 98... Kh8 99. Qc8+ Kh7) 80. Qd7 $18 Qc3+ 81. Kd6 Qb4+ 82. Ke6 Ng8 83. Be5 Qb6+ 84. Kf5 (84. Kf7 $142 Nf6 85. Qc8+ Kh7 86. Qf5+ Kh8 87. Bxf6 Qc7+ 88. Be7 Qb8 {[#]} 89. Bd6 $1 ) 84... Nf6 $18 85. Bxf6 Qxf6+ 86. Ke4 Qh4+ 87. g4 Qe1 88. Qe8+ Kh7 89. Kf5 Qa5+ 90. Qe5 1-0

[Event "FIDE WY-U16 Olympuad 2022"]
[Site "Nakhchivan"]
[Date "2022.10.03"]
[Round "2.6"]
[White "Aslanov, Umid"]
[Black "Begmuratov, Khumoyun"]
[Result "1/2-1/2"]
[ECO "C55"]
[WhiteElo "2273"]
[BlackElo "2353"]
[Annotator "TA"]
[PlyCount "91"]
[EventDate "2022.10.02"]
[EventType "team-tourn"]
[EventCountry "AZE"]
[SourceTitle "playchess.com"]
[Source "ChessBase"]
[SourceQuality "1"]
[WhiteTeam "Azerbaijan"]
[BlackTeam "Uzbekistan"]
[WhiteTeamCountry "AZE"]
[BlackTeamCountry "UZB"]
[TimeControl "40/5400+30:1800+30"]

1. e4 e5 2. Nf3 Nc6 3. Bc4 Nf6 4. d3 Be7 5. O-O O-O 6. Re1 d6 7. a4 a6 {[%emt 0:02:26] C55: Two Knights: 4 d3, 4 d4 exd4 5 e5 and Max Lange Attack.} 8. c3 Na5 9. Ba2 c5 {[%emt 0:00:13] White is slightly better.} 10. Na3 Nc6 11. Bd2 Rb8 12. Nc2 h6 13. Ne3 {[%emt 0:10:07] [#]} b5 $146 (13... Be6 $11) ({Predecessor:} 13... Re8 14. g3 Bf8 15. Nh4 Be6 16. Nd5 g6 17. Qf3 Nh7 18. Ng2 Bg7 19. h4 h5 {0-1 (44) Paramzina,A (2271)-Borosova,Z (2327) Stary Smokovec 2018}) 14. axb5 $16 axb5 15. h3 Nh7 16. Bd5 Bd7 17. Bxc6 Bxc6 18. Nf5 Bd7 19. Nxe7+ Qxe7 20. d4 Nf6 21. Qe2 Ra8 22. dxe5 dxe5 23. Nh4 Rfd8 24. Rad1 Ra4 25. Qf3 Bc8 26. b4 cxb4 27. cxb4 Rd4 28. Nf5 Bxf5 29. exf5 Ra7 (29... Qd6 $11 30. Bc3 Ra3 31. Bxd4 (31. Ra1 e4 $15) 31... Rxf3 32. Bxe5 Qxb4 33. gxf3 Nh5) 30. Bc3 $14 Rxd1 31. Qxd1 (31. Rxd1 $14 Qc7 32. Qe3) 31... e4 {[%emt 0:02:48] [#]} (31... Rd7 $11 {keeps the balance.} 32. Qa1 Kh7) 32. Bxf6 (32. Qe2 $1 $16) 32... Qxf6 $16 {[%emt 0:00:05][%mdl 4096] Endgame KQR-KQR. The position is equal.} 33. Qd5 ({Don't blunder} 33. Rxe4 $2 Ra1 34. Qxa1 (34. Re8+ $2 Kh7 $19) 34... Qxa1+ $19) 33... Ra1 34. Rxa1 Qxa1+ $11 {[%emt 0:00:01] KQ-KQ} 35. Kh2 Qf1 36. Qxe4 Qxf2 37. Qe8+ Kh7 38. Qxb5 {[%emt 0:00:20] Black must now prevent Qb8.} Qf4+ 39. Kg1 Qe3+ 40. Kh2 {[%emt 0:00:06] aiming for Qb8.} Qf4+ 41. Kg1 Qe3+ 42. Kf1 Qf4+ 43. Ke2 Qe4+ 44. Kf2 Qf4+ 45. Ke2 Qe4+ 46. Kf2 {[%emt 0:00:00] Weighted Error Value: White=0.11 (very precise) /Black=0.14 (very precise)} 1/2-1/2